 Dungeon Crawl Stone Soup version 0.30-a0-587-gfd7c166f36 (webtiles) character file.

Game seed: 1767370665224917482

46 Citaku the Covered (level 3, -4/33 HPs)
             Began as a Minotaur Fighter on Jan 4, 2023.
             Slain by a gnoll
             ... wielding a +2 heavy halberd
              (22 damage)
             ... on level 2 of the Dungeon.
             The game lasted 00:01:34 (774 turns).

Citaku the Covered (Minotaur Fighter)                Turns: 774, Time: 00:01:35

Health: -4/33      AC:  7    Str: 22    XL:     3   Next: 44%
Magic:  2/2        EV:  9    Int:  5    God:
Gold:   41         SH:  4    Dex:  9    Spells: 2/2 levels left

rFire   . . .      SeeInvis .    a - +0 war axe
rCold   . . .      Faith    .    c - +0 buckler
rNeg    . . .      Spirit   .    b - +0 scale mail
rPois   .          Reflect  .    (helmet restricted)
rElec   .          Harm     .    (no cloak)
rCorr   .          Rampage  .    (no gloves)
Will    .....                    (no boots) Stlth
                                 (no amulet)
HPRegen 0.25/turn                (no ring)
MPRegen 0.08/turn                (no ring)

@: no status effects
A: horns 2, retaliatory headbutt
a: no special abilities


You were on level 2 of the Dungeon.
You visited 1 branch of the dungeon, and saw 2 of its levels.

You collected 41 gold pieces.

Inventory:

Hand Weapons
 a - a +0 war axe (weapon)
Armour
 b - a +0 scale mail (worn)
 c - a +0 buckler (worn)
Scrolls
 f - a scroll of silence {unknown}
Potions
 d - a potion of might
 e - a potion of heal wounds {unknown}


   Skills:
 + Level 4.0 Fighting
 * Level 3.5 Axes
 * Level 4.4 Armour
 - Level 3.6 Shields


You had 2 spell levels left.
You didn't know any spells.
Your spell library was empty.

Dungeon Overview and Level Annotations

Branches:
Dungeon (2/15)

Altars:


Innate Abilities, Weirdness & Mutations

You have a pair of horns on your head.
You reflexively headbutt those who attack you in melee.


Message History

The ball python constricts you.
You hit the ball python.
The ball python is moderately wounded.
The ball python closely misses you. You furiously retaliate!
You headbutt the ball python!
You kill the ball python!
You open the door.
There is an open door here.
An endoplasm comes into view.
The endoplasm quivers.
The endoplasm misses you.
You slash the endoplasm!
You kill the endoplasm!
There is an open door here.
There is an open door here.
Things that are here:
a +0 dagger; a goblin corpse
Found 2 javelins.
f - a scroll labelled KAR KETUIRIRGH 3 gnolls come into view.
A gnoll is wielding a +2 heavy halberd.
The gnoll shouts! x3
A hobgoblin comes into view.
A gnoll comes into view. It is wielding a +0 whip.
The gnoll barely misses you.
The gnoll hits you from afar with a +2 heavy halberd.
The hobgoblin shouts!
You slash the gnoll! You headbutt the gnoll.
You kill the gnoll!
The gnoll closely misses you. The gnoll hits you with a +0 club.
You slash the gnoll! Your headbutt misses the gnoll.
The gnoll is almost dead.
The gnoll closely misses you.
The gnoll hits you from afar with a +2 heavy halberd!
The gnoll hits you but does no damage.
You hit the gnoll but do no damage.
The gnoll is almost dead.
The gnoll barely misses you. The gnoll hits you but does no damage.
The gnoll hits you from afar with a +2 heavy halberd!!
Ouch! That really hurt!
You die...

#.########...# #.#
##.## #.# #..# #.#
##.## . #.# ##
#..# #.. #.# #.
##.####...# #.#
#.# #..#...#
#..###...#
#####....#@### #
.........#g#.#....
.........gg...#
.###..gg##.#.#
#.........# #
#.#...##..# #
#.... ..# .......
... #.##.#.g...##


You could see 3 gnolls and a hobgoblin.

Vanquished Creatures
  2 gnolls
  2 bats (D:1)
  5 endoplasms
  A giant cockroach (D:1)
  A goblin (D:2)
  2 jackals (D:1)
  2 quokkas (D:1)
  5 ball pythons
  3 kobolds (D:1)
  A rat (D:1)
24 creatures vanquished.

Notes
Turn   | Place    | Note
-------+----------+-------------------------------------------
     0 | D:1      | Citaku the Minotaur Fighter began the quest for the Orb.
     0 | D:1      | Reached XP level 1. HP: 19/19 MP: 0/0
    59 | D:1      | Reached XP level 2. HP: 27/27 MP: 1/1
   389 | D:1      | Found a faded altar of an unknown god.
   424 | D:1      | Reached XP level 3. HP: 33/33 MP: 2/2
   774 | D:2      | Slain by a gnoll

Illustrated notes

Levels and vault maps discovered:
D:1:      dpeg_arrival_orchard, layout_loops_ring, basic_ecumenical_altar,
          hangedman_decor_lopped, st_stairs_6
D:2:      minmay_skewed_foursquare, layout_loops_cross, serial_shops, shop,
          minmay_hexomino_r4

Skill      XL: |  1  2 |
---------------+-------+-----
Armour         | 4 |  4.4
Axes           | 3 |  3.5
Fighting       | 4 |  4.0
Shields        | |  3.6

Action                   || total
-------------------------++-------
Melee: War axe           ||    45
       Headbutt          ||     3
Armor: Scale mail        ||    29
Dodge: Dodged            ||    36
Block: Buckler           ||    10

Table legend: (Time is in decaauts)
 A = Elapsed time spent in this place.
 B = Non-inter-level travel time spent in this place.
 C = Inter-level travel time spent in this place.
 D = Time resting spent in this place.
 E = Time spent auto-exploring this place.
 F = Levels seen in this place.
 G = Mean time per level.
                   A        B        C        D        E       F      G
               +--------+--------+--------+--------+--------+-----+--------+
         Total |    791 |    791 |      0 |      0 |    562 |   2 |  395.5 |
       Dungeon |    791 |    791 |      0 |      0 |    562 |   2 |  395.5 |
               +--------+--------+--------+--------+--------+-----+--------+

Top non-repeatable levels by time:
     D:1: 663 daAuts
     D:2: 127 daAuts
